 Dungeon Crawl Stone Soup version 0.29-a0-555-g3b24f45cc1 (webtiles) character file.

Game seed: 14420948772387738049

245 zeratav the Slicer (level 6, -1/35 HPs)
             Began as a Kobold Gladiator on June 7, 2022.
             Slain by a mummy (4 damage)
             ... in an ossuary.
             The game lasted 00:03:37 (3878 turns).

zeratav the Slicer (Kobold Gladiator)               Turns: 3878, Time: 00:03:38

Health: -1/35      AC:  4    Str: 12    XL:     6   Next: 32%
Magic:  6/6        EV: 15    Int:  9    God:
Gold:   231        SH:  0    Dex: 18    Spells: 5/5 levels left

rFire   . . .      SeeInvis .   a - +0 rapier {short}
rCold   . . .      Faith    .   (no shield)
rNeg    . . .      Spirit   .   b - +0 leather armour
rPois   .          Reflect  .   c - +0 helmet
rElec   .          Harm     .   (no cloak)
rCorr   .          Rampage  .   (no gloves)
Will    .....                   (no boots)
Stlth   ++........              (no amulet)
HPRegen 0.11/turn               (no ring)
MPRegen 0.10/turn               (no ring)

@: no status effects
A: small, no large weapons, nightstalker 3
a: no special abilities


You were in an ossuary.
You visited 1 branch of the dungeon, and saw 4 of its levels.
You also visited: Ossuary.

You collected 231 gold pieces.


Innate Abilities, Weirdness & Mutations

You are small and have problems with some larger weapons.
You are completely attuned to the shadows.


   Skills:
 - Level 2.1 Fighting
 + Level 8.8 Short Blades
 - Level 2.1 Throwing
 - Level 3.6 Dodging


You had 5 spell levels left.
You didn't know any spells.
Your spell library was empty.

Inventory:

Hand Weapons
 a - a +0 rapier (weapon) {short}
 t - a +1 dagger of electrocution {short}
   (You took it off an orc wizard on level 3 of the Dungeon)
Missiles
 d - 3 throwing nets (quivered) {=fthrowing}
 e - 2 boomerangs {throwing}
Armour
 b - a +0 leather armour (worn)
 c - a +0 helmet (worn)
 m - a +0 robe
   (You took it off an orc wizard on level 3 of the Dungeon)
 u - a +2 leather armour of poison resistance
   (You took it off an orc on level 3 of the Dungeon)
 v - a +0 chain mail
   (You took it off an orc on level 3 of the Dungeon)
 x - a +0 robe
   (You took it off an orc wizard on level 3 of the Dungeon)
 y - a +0 leather armour
   (You found it on level 3 of the Dungeon)
Scrolls
 j - a scroll of fear {unknown}
 l - a scroll of blinking {unknown}
 n - a scroll of enchant armour {unknown}
 q - 2 scrolls of identify {unknown}
 r - a scroll of poison {unknown}
 s - a scroll of immolation {unknown}
Potions
 f - 2 potions of heal wounds {unknown}
 g - 2 potions of degeneration {unknown}
 h - a potion of haste {unknown}
 i - a potion of attraction {unknown}
 k - a potion of flight {unknown}
 o - a potion of berserk rage {unknown}
 p - 2 potions of curing {unknown}
 w - a potion of cancellation {unknown}
 z - a potion of resistance {unknown}

Dungeon Overview and Level Annotations

Branches:
Dungeon (4/15)            Ossuary (1/1)
 Temple: D:4-7

Altars:
Elyvilon
Yredelemnul
The Shining One

##....#
#....#
#....#
#....#
#....#
#....#
#....#
#..M.#
#.@∩.#
######


You could see a mummy.


Message History

No target in view!
No target in view!
No target in view!
You see here an adder corpse.
A goblin comes into view. It is wielding a +0 dagger.
The goblin shouts!
You miss the goblin. The goblin barely misses you.
You puncture the goblin!
You kill the goblin!
No target in view!
No target in view!
No target in view!
No target in view!
No target in view!
No target in view!
Things that are here:
a +0 dagger {short}; a goblin corpse You now have 213 gold pieces (gained 13).
You hear the slow hiss of an avalanche of sand nearby.
You now have 222 gold pieces (gained 9).
Found a sand-covered staircase.
You now have 231 gold pieces (gained 9).
A goblin comes into view. It is wielding a +0 dagger.
There is a sand-covered staircase here.
The world spins around you as you enter the gateway.
You enter an ossuary!
Found a gate leading back out of this place.
There is an empty arch of ancient stone here.
An orc zombie comes into view.
A hobgoblin zombie comes into view. 2 mummies and a kobold zombie come into view.
You hit the orc zombie. The orc zombie completely misses you.
You hit the orc zombie. You hit the orc zombie.
You destroy the orc zombie!
You puncture the kobold zombie! You hit the kobold zombie.
You destroy the kobold zombie!
You hit the hobgoblin zombie. You puncture the hobgoblin zombie!
You destroy the hobgoblin zombie!
You hit the mummy. You hit the mummy. You hit the mummy but do no damage.
A kobold zombie comes into view.
The mummy hits you!
HP[-17]
You take 17 damage, and now have 18/35 hp.
MASSIVE DAMAGE!! (PAUSE)
You are too injured to fight recklessly!
You are too injured to fight recklessly!
You are too injured to fight recklessly!
You are too injured to fight recklessly!
You are too injured to fight recklessly!
You are too injured to fight recklessly!
You are too injured to fight recklessly!
You are too injured to fight recklessly!
You are too injured to fight recklessly!
You are too injured to fight recklessly!
You are too injured to fight recklessly!
You puncture the mummy!
You destroy the mummy!
You hit the mummy. The mummy hits you.
* * * LOW HITPOINT WARNING * * *
HP[-5]
You take 5 damage, and now have 13/35 hp.
You completely miss the mummy. You hit the mummy. The mummy closely misses you.
You puncture the mummy! You puncture the mummy!
You destroy the mummy! 2 mummies and a kobold zombie come into view.
You puncture the kobold zombie!
You destroy the kobold zombie!
A gnoll zombie comes into view.
HP[+1]
There is a gate leading back out of this place here.
HP[+1]
You hit the kobold zombie. You hit the kobold zombie.
The kobold zombie closely misses you.
You puncture the kobold zombie!
You destroy the kobold zombie!
You completely miss the gnoll zombie.
HP[+1]
You puncture the gnoll zombie! The gnoll zombie completely misses you.
You puncture the gnoll zombie! The gnoll zombie barely misses you.
The mummy misses you.
You barely miss the gnoll zombie. You completely miss the gnoll zombie.
The gnoll zombie hits you but does no damage.
The mummy hits you!
* * * LOW HITPOINT WARNING * * *
HP[-13]
You take 13 damage, and now have 3/35 hp.
MASSIVE DAMAGE!! (PAUSE)
You hit the gnoll zombie.
You destroy the gnoll zombie!
You hit the mummy but do no damage. You hit the mummy. The mummy hits you.
You die...

Skill      XL: |  1  2  3  4  5 |
---------------+----------------+-----
Short Blades   | 5 6 7 8 |  8.8
Fighting       | |  2.1
Throwing       | |  2.1
Dodging        | |  3.6

Action                   |  1- 3 |  4- 6 || total
-------------------------+-------+-------++-------
Melee: Rapier            |    82 |   107 ||   189
 Stab: Sleeping          |     4 |    15 ||    19
       Distracted        |       |     1 ||     1
Armor: Leather armour    |    22 |    16 ||    38
Dodge: Dodged            |    84 |    57 ||   141

Levels and vault maps discovered:
D:1:      wander_arrival_abandoned_jail, layout_rooms
D:2:      layout_rooms, chequers_ecumenical_altar_simple, serial_bayou_pond_c,
          uniq_robin
D:3:      layout_loops_ring, mainiacjoe_overflow_concentric_impassable,
          kennysheep_ying_yang, minmay_cut_off
D:4:      layout_rooms, minmay_temple_entry_hall, nicolae_ossuary_entry_ruins,
          guppyfry_shop_venom
Ossuary:  ossuary_tomb_3

Notes
Turn   | Place    | Note
-------+----------+-------------------------------------------
     0 | D:1      | zeratav the Kobold Gladiator began the quest for the Orb.
     0 | D:1      | Reached XP level 1. HP: 12/12 MP: 1/1
     0 | D:1      | magus.rc [v1.9.6]
    95 | D:1      | Reached XP level 2. HP: 12/17 MP: 2/2
   662 | D:1      | Reached skill level 5 in Short Blades
   845 | D:2      | Noticed Robin
   863 | D:1      | Killed Robin
   864 | D:1      | Reached XP level 3. HP: 8/21 MP: 3/3
  1896 | D:2      | Reached skill level 6 in Short Blades
  1896 | D:2      | Reached XP level 4. HP: 24/26 MP: 4/4
  1927 | D:2      | Found a faded altar of an unknown god.
  2570 | D:3      | Reached skill level 7 in Short Blades
  2570 | D:3      | Reached XP level 5. HP: 16/30 MP: 5/5
  2579 | D:3      | HP: 7/30 [something (3)]
  2920 | D:3      | Reached skill level 8 in Short Blades
  2925 | D:3      | Reached XP level 6. HP: 11/35 MP: 6/6
  2927 | D:3      | HP: 3/35 [orc/+0 morningstar (9)]
  3285 | D:3      | Found a white marble altar of Elyvilon.
  3406 | D:3      | Found a basalt altar of Yredelemnul.
  3613 | D:3      | Found a glowing golden altar of the Shining One.
  3816 | D:4      | Found a sand-covered staircase.
  3826 | Ossuary  | Entered an ossuary
  3875 | Ossuary  | HP: 3/35 [mummy (13)]
  3878 | Ossuary  | Slain by a mummy

Vanquished Creatures
  An orc priest (D:3)
  3 orc wizards (D:3)
  2 mummies (Ossuary)
  Robin (D:1)
  3 adders
  10 orcs (D:3)
  3 bats
  7 endoplasms
  3 giant cockroaches (D:3)
  11 goblins
  9 hobgoblins
  A quokka (D:1)
  4 ball pythons
  A frilled lizard (D:1)
  A gnoll zombie (Ossuary)
  A hobgoblin zombie (Ossuary)
  3 kobolds
  3 kobold zombies (Ossuary)
  An orc zombie (Ossuary)
  A rat (D:3)
69 creatures vanquished.

Vanquished Creatures (others)
  A plant (D:2)
1 creature vanquished.

Grand Total: 70 creatures vanquished

Table legend:
 A = Non-vault XP
 B = Vault XP
 C = Vault XP percentage of total XP
 D = Non-vault monster count
 E = Vault monster count
 F = Vault count percentage of total count
                 A         B        C        D         E       F
            +---------+---------+-------+---------+---------+-------
      Total |     271 |      79 |  22.6 |      49 |      20 |  29.0
            +---------+---------+-------+---------+---------+-------
        D:1 |      19 |      33 |  63.5 |      12 |      10 |  45.5
        D:2 |      36 |       2 |   5.3 |       7 |       1 |  12.5
        D:3 |     198 |       2 |   1.0 |      26 |       1 |   3.7
        D:4 |      18 |       0 |   0.0 |       4 |       0 |   0.0
    Ossuary |       0 |      42 | 100.0 |       0 |       8 | 100.0
            +---------+---------+-------+---------+---------+-------

Illustrated notes

Table legend:
 A = Kills in this place as a percentage of kills in entire the game.
 B = Kills by you in this place as a percentage of kills by you in the entire game.
 C = Kills by friends in this place as a percentage of kills by friends in the entire game.
 D = Other kills in this place as a percentage of other kills in the entire game.
 E = Experience gained in this place as a percentage of experience gained in the entire game.
 F = Experience gained in this place divided by the number of levels of this place that you have seen.
                   A       B       C       D       E      F
               +-------+-------+-------+-------+-------+----------------------
         Total | 100.0 | 100.0 |   N/A |   N/A | 100.0 |  70.0
       Dungeon |  88.4 |  88.4 |   N/A |   N/A |  88.0 |  77.0
       Ossuary |  11.6 |  11.6 |   N/A |   N/A |  12.0 |  42.0
               +-------+-------+-------+-------+-------+----------------------

Table legend: (Time is in decaauts)
 A = Elapsed time spent in this place.
 B = Non-inter-level travel time spent in this place.
 C = Inter-level travel time spent in this place.
 D = Time resting spent in this place.
 E = Time spent auto-exploring this place.
 F = Levels seen in this place.
 G = Mean time per level.
                   A        B        C        D        E       F      G
               +--------+--------+--------+--------+--------+-----+--------+
         Total |   3857 |   3812 |     45 |   1601 |   1819 |   5 |  771.4 |
       Dungeon |   3812 |   3767 |     45 |   1601 |   1814 |   4 |  953.0 |
       Ossuary |     45 |     45 |      0 |      0 |      5 |   1 |   45.0 |
               +--------+--------+--------+--------+--------+-----+--------+

Top non-repeatable levels by time:
     D:1: 1522 daAuts
     D:3: 1269 daAuts
     D:2: 939 daAuts
     D:4: 80 daAuts
 Ossuary: 45 daAuts
